Map: Ephemeron LE

Players

SpeCial

  • Race: Terran Terran
  • Spawn Location: 5:00

HeroMarine - Winner!

  • Race: Terran Terran
  • Spawn Location: 11:00

Event: NationWars 2019

VOD

Have the link to the VOD?

Description

Time

  • Played on: Nov. 13, 2019, 11:47 a.m.
  • Length: 17:40

All games in this series

Show
View Real Time Build Order
Export as new Build Order

SpeCial Terran 

Build Orders:  

Get SALT Encoding   

  12  0:00  SCV  
  13  0:12  SCV  
  14  0:17  Supply Depot  
  14  0:24  SCV  
  15  0:38  SCV  
  15  0:40  Barracks  
  16  0:44  Refinery  
  16  0:50  SCV  
  17  0:59  Barracks  
  17  1:03  SCV  
  18  1:15  SCV  
  19  1:27  Orbital Command, Reaper  
  20  1:44  Supply Depot  
  20  1:47  Reaper  
  20  1:53  SCV  
  22  2:03  Reaper  
  22  2:06  SCV  
  24  2:13  Command Center  
  24  2:18  SCV  
  24  2:20  Refinery  
  25  2:23  Marine  
  26  2:30  SCV  
  26  2:35  Marine  
  28  2:42  SCV, Factory  
  29  2:49  Supply Depot  
  29  2:54  SCV  
  29  2:55  Barracks Reactor  
  29  2:56  Marine  
  30  3:02  Bunker  
  30  3:06  SCV  
  31  3:14  Marine  
  31  3:18  SCV  
  31  3:26  Hellion  
  31  3:30  SCV  
  31  3:32  Marine  
  31  3:33  Marine x2  
  30  3:42  SCV  
  30  3:46  Starport  
  30  3:49  Marine  
  30  3:52  Marine  
  30  3:55  Marine  
  30  3:57  Hellion  
  30  4:02  SCV  
  33  4:07  Marine  
  33  4:14  SCV  
  31  4:19  Marine x2  
  31  4:22  Factory Tech Lab  
  33  4:26  SCV  
  33  4:30  Medivac  
  36  4:38  SCV  
  36  4:39  Orbital Command  
  36  4:40  Marine x2  
  36  4:46  Siege Tank  
  36  4:48  Liberator  
  36  4:50  SCV  
  36  4:52  Marine  
  39  4:58  Marine x2  
  41  5:03  SCV  
  41  5:05  Refinery  
  45  5:08  SCV  
  46  5:15  Supply Depot  
  46  5:16  Marine x2  
  46  5:17  Marine  
  46  5:20  SCV x2  
  51  5:25  Siege Tank  
  54  5:35  Barracks Tech Lab  
  54  5:36  SCV x2, Marine x2  
  54  5:37  Supply Depot  
  58  5:43  Supply Depot  
  58  5:48  SCV x2  
  60  5:54  Marine x2  
  60  5:55  Stimpack  
  62  5:58  Marine  
  62  5:59  Siege Tank  
  62  6:00  SCV  
  62  6:02  SCV  
  68  6:04  Starport Reactor  
  68  6:12  SCV  
  68  6:15  SCV  
  68  6:16  Engineering Bay  
  68  6:18  Supply Depot, Marine x2  
  72  6:20  Marine  
  72  6:25  SCV  
  74  6:27  SCV  
  74  6:30  Barracks  
  75  6:35  Marine  
  75  6:36  Marine  
  75  6:37  SCV  
  78  6:40  SCV, Marine  
  78  6:43  Siege Tank  
  82  6:50  SCV  
  82  6:52  Terran Infantry Weapons Level 1  
  82  6:53  SCV, Marine  
  85  6:56  Refinery  
  85  7:00  Marine  
  86  7:03  Supply Depot  
  86  7:04  SCV, Marine  
  86  7:05  SCV, Supply Depot  
  86  7:16  Marine  
  86  7:18  Siege Tank, Marine  
  78  7:22  Marine  
  79  7:31  SCV x2  
  79  7:32  Starport Reactor  
  79  7:34  Marine x3  
  79  7:35  Supply Depot  
  79  7:36  Marine  
  85  7:40  Combat Shield, Marine  
  85  7:43  SCV  
  87  7:44  Command Center  
  87  7:48  SCV  
  88  7:52  Marine x3  
  88  7:54  Marine  
  88  7:55  SCV  
  88  7:58  Marine  
  93  8:00  SCV  
  93  8:03  Supply Depot  
  95  8:07  SCV  
  95  8:10  Marine x3  
  95  8:11  Medivac  
  95  8:12  SCV, Marine  
  103  8:14  Medivac  
  103  8:19  SCV  
  106  8:21  Marine  
  106  8:24  SCV  
  107  8:27  Marine x2  
  107  8:29  Siege Tank  
  107  8:31  SCV  
  112  8:35  Marine x2  
  112  8:36  SCV  
  112  8:39  Marine  
  116  8:43  SCV  
  116  8:45  Marine  
  116  8:46  Marine  
  106  8:48  SCV  
  106  8:51  Medivac x2  
  106  8:53  Marine x2  
  114  8:55  SCV  
  114  8:57  Barracks, Orbital Command, Marine  
  114  9:00  Barracks  
  115  9:03  Marine  
  115  9:04  Terran Infantry Armor Level 1, Marine  
  115  9:09  SCV x2  
  119  9:12  Marine  
  119  9:14  Marine  
  119  9:16  Marine  
  122  9:17  Siege Tank  
  122  9:21  Marine  
  126  9:24  Medivac x2  
  126  9:28  SCV  
  126  9:29  SCV  
  133  9:40  SCV  
  133  9:43  Supply Depot  
  133  9:44  Supply Depot  
  133  9:49  Refinery x2  
  133  9:50  Barracks Reactor x2, Armory  
  133  9:51  Engineering Bay, Sensor Tower  
  133  9:53  Marine  
  133  9:54  Marine  
  133  10:04  Marine x3  
  133  10:05  SCV, Medivac  
  139  10:10  Siege Tank  
  139  10:11  Marine  
  139  10:12  SCV, Marine  
  139  10:13  SCV  
  144  10:22  Marine x3  
  147  10:29  Marine  
  147  10:31  Supply Depot, Marine  
  149  10:39  Terran Infantry Weapons Level 2  
  149  10:41  Terran Vehicle Weapons Level 1  
  149  10:45  Supply Depot  
  149  10:47  Command Center  
  149  10:52  Siege Tank, Marine x5  
  149  10:55  SCV  
  157  11:01  SCV x2, Supply Depot, Viking x2, Marine  
  157  11:03  Terran Infantry Armor Level 2  
  164  11:08  Marine  
  164  11:09  Marine  
  165  11:11  Marine  
  165  11:12  Marine x2  
  165  11:13  Marine x3  
  167  11:19  Marine  
  160  11:26  Marine  
  160  11:27  Marine  
  160  11:29  Siege Tank, Marine x3  
  160  11:31  Viking x2, Marine x2  
  160  11:32  Marine  
  167  11:36  Marine  
  167  11:43  Marine  
  167  11:45  Marine  
  168  11:47  Marine x2  
  168  11:50  Marine  
  168  11:51  Marine  
  172  12:00  Marine x2  
  172  12:01  Siege Tank, Medivac x2, Command Center  
  174  12:03  Marine x2  
  174  12:08  Marine  
  177  12:09  Marine  
  173  12:16  Marine  
  173  12:19  Marine  
  173  12:22  Marine  
  158  12:23  Marine  
  158  12:25  Marine x3  
  158  12:27  Marine  
  152  12:31  Medivac x2  
  152  12:32  Marine  
  152  12:33  Siege Tank  
  152  12:34  Marine  
  148  12:37  Marine  
  148  12:40  Marine  
  148  12:44  Marine x3  
  138  12:45  Marine  
  138  12:47  SCV  
  138  12:48  SCV x2  
  138  12:50  Marine  
  146  12:52  Marine  
  146  12:55  Marine  
  146  12:58  Barracks Reactor, Factory, Marine  
  148  12:59  SCV  
  148  13:01  Medivac x2, Marine  
  148  13:02  Marine x2  
  148  13:03  Marine  
  157  13:07  Terran Infantry Weapons Level 3  
  157  13:08  SCV x2  
  157  13:11  Marine  
  157  13:12  SCV, Marine  
  161  13:19  Siege Tank  
  165  13:25  Marine  
  165  13:26  Marine  
  167  13:28  Marine  
  167  13:31  Medivac x2  
  167  13:32  Marine  
  169  13:35  Marine  
  169  13:36  Marine x2  
  169  13:41  Marine  
  171  13:44  Marine  
  172  13:48  Marine  
  172  13:51  Marine x2  
  175  14:00  Siege Tank, Marine  
  179  14:07  Marine x2  
  179  14:08  Marine  
  179  14:09  Planetary Fortress  
  178  14:14  Siege Tank  
  178  14:15  Marine x2  
  178  14:16  Marine x3  
  186  14:17  Marine  
  186  14:20  Marine  
  185  14:27  Marine  
  185  14:30  Marine  
  174  14:32  Siege Tank, Marine  
  174  14:33  Marine x2  
  174  14:35  Marine x2  
  174  14:36  Marine  
  183  14:39  Marine  
  183  14:41  Medivac  
  183  14:43  Marine  
  183  14:45  Marine  
  160  14:47  Siege Tank  
  160  14:48  Marine  
  160  14:50  Marine  
  160  14:51  Marine x2  
  160  14:53  Marine x2  
  160  14:54  Marine  
  160  14:57  Marine  
  156  15:01  Marine  
  156  15:02  Marine  
  156  15:04  Siege Tank  
  156  15:05  Marine  
  158  15:08  Marine  
  158  15:09  Marine  
  141  15:15  Marine  
  141  15:16  Marine  
  141  15:17  Marine x2  
  141  15:19  Siege Tank  
  141  15:21  Marine  
  134  15:23  Marine x2  
  134  15:25  SCV  
  129  15:28  Marine  
  129  15:29  Marine  
  130  15:36  Siege Tank  
  117  15:44  Marine  
  109  15:52  Marine x4  
  109  15:55  Siege Tank  
  113  15:58  Marine  
  113  16:00  Marine  
  110  16:08  Siege Tank  
  110  16:09  Marine x3  
  110  16:10  Marine  
  109  16:11  Marine  
  109  16:12  Medivac  
  109  16:13  Marine  
  109  16:15  Marine  
  100  16:19  Marine  
  100  16:20  Marine  
  100  16:24  Orbital Command  
  100  16:25  Medivac, Marine  
  105  16:27  Marine x2  
  105  16:30  Marine  
  108  16:33  Marine  
  108  16:35  SCV  
  108  16:37  Marine  
  111  16:41  Medivac, Marine  
  114  16:50  Siege Tank  
  114  16:54  Marine  
  118  16:57  Marine  
  118  16:58  Marine  
  118  17:00  Marine  
  117  17:03  Marine  
  117  17:04  Marine x2  
  117  17:09  SCV  
  117  17:10  SCV, Marine x2  
  117  17:12  Marine x2  
  120  17:15  Marine  
  120  17:17  Marine  
  120  17:21  Marine x2  
Show
View Real Time Build Order
Export as new Build Order

HeroMarine Terran - Winner!

Build Orders:  

Get SALT Encoding   

  12  0:00  SCV  
  13  0:12  SCV  
  14  0:18  Supply Depot  
  14  0:25  SCV  
  15  0:30  Refinery  
  15  0:39  SCV  
  16  0:44  Barracks  
  16  0:51  SCV  
  16  0:56  Refinery  
  17  1:03  SCV  
  18  1:16  SCV  
  19  1:31  Orbital Command  
  19  1:34  Factory  
  19  1:38  Reaper  
  20  1:51  Supply Depot  
  20  1:57  SCV  
  21  2:09  SCV  
  21  2:10  Reaper  
  23  2:18  Hellion  
  23  2:21  SCV  
  26  2:33  Command Center  
  26  2:35  SCV  
  27  2:42  Reaper, Hellion  
  30  2:49  Supply Depot  
  30  2:51  SCV  
  31  2:59  Starport  
  31  3:11  Factory Tech Lab, SCV  
  31  3:19  Barracks Tech Lab  
  30  3:23  SCV  
  31  3:35  SCV  
  31  3:36  Cyclone  
  31  3:40  Supply Depot  
  35  3:47  SCV  
  34  3:58  Raven  
  34  3:59  SCV  
  35  4:04  Orbital Command  
  33  4:11  SCV  
  33  4:12  Cyclone  
  37  4:21  Orbital Command  
  37  4:23  SCV  
  38  4:28  Refinery  
  37  4:33  Barracks Reactor  
  37  4:35  SCV  
  37  4:38  Command Center  
  37  4:47  SCV  
  37  4:50  SCV  
  39  4:59  SCV  
  42  5:01  Siege Tank  
  42  5:02  SCV  
  42  5:03  Barracks  
  44  5:09  Barracks  
  44  5:11  Starport Reactor  
  44  5:12  SCV  
  45  5:14  SCV  
  45  5:18  Marine  
  45  5:20  Stimpack  
  47  5:24  SCV  
  47  5:26  SCV  
  49  5:29  Engineering Bay  
  49  5:34  Engineering Bay  
  49  5:36  Siege Tank  
  49  5:39  SCV  
  49  5:40  SCV  
  54  5:44  Marine  
  55  5:51  SCV  
  55  5:52  SCV  
  55  5:55  Orbital Command  
  57  6:01  Starport Reactor  
  57  6:03  Terran Infantry Armor Level 1, Terran Infantry Weapons Level 1, SCV  
  59  6:04  SCV  
  59  6:05  Marine  
  59  6:06  Marine  
  59  6:07  Marine  
  59  6:08  Marine  
  59  6:10  Marine  
  64  6:15  SCV  
  64  6:16  SCV, Starport Reactor  
  66  6:19  Siege Tank  
  66  6:23  SCV, Marine  
  66  6:24  Supply Depot  
  71  6:27  SCV  
  71  6:28  SCV  
  71  6:32  Marine x2  
  75  6:33  Refinery  
  75  6:34  Marine x2  
  75  6:37  SCV  
  76  6:40  SCV  
  76  6:45  Marine  
  77  6:49  Marine  
  77  6:50  Marine  
  77  6:52  Marine x2  
  80  6:57  Supply Depot  
  80  7:01  SCV  
  80  7:02  SCV  
  80  7:03  Marine  
  80  7:07  Orbital Command, Marine  
  85  7:09  Marine  
  85  7:11  Combat Shield  
  85  7:15  Marine  
  85  7:16  Marine  
  85  7:21  Marine  
  68  7:25  Marine  
  68  7:27  Medivac x2, Marine  
  68  7:28  Siege Tank  
  71  7:33  Barracks, Marine x2  
  71  7:36  Barracks  
  73  7:39  Armory, Orbital Command, Marine  
  73  7:43  Marine  
  75  7:44  Marine  
  75  7:47  Missile Turret  
  75  7:51  Marine x2  
  77  7:57  SCV x2, Marine  
  81  8:00  Siege Tank  
  81  8:01  Marine  
  81  8:02  Marine  
  81  8:03  Medivac  
  88  8:06  Supply Depot  
  88  8:08  Marine  
  88  8:09  SCV, Marine, Supply Depot  
  88  8:11  Medivac  
  93  8:22  Barracks Reactor  
  93  8:23  Barracks Reactor  
  93  8:24  Supply Depot  
  93  8:28  SCV x2, Marine x5  
  99  8:35  Siege Tank  
  102  8:46  Marine x5  
  102  8:47  SCV x2  
  98  8:52  Terran Infantry Weapons Level 2  
  95  8:57  Orbital Command  
  95  8:59  SCV x2  
  95  9:00  Marine  
  95  9:01  Marine  
  99  9:03  Marine x5  
  99  9:07  Terran Infantry Armor Level 2  
  99  9:08  Marine, Refinery  
  105  9:10  Marine  
  105  9:14  SCV  
  105  9:15  SCV  
  115  9:24  Viking  
  115  9:30  SCV, Viking  
  115  9:31  SCV x2  
  115  9:32  Supply Depot x2  
  115  9:37  Factory  
  115  9:38  Terran Vehicle Weapons Level 1  
  115  9:39  Barracks Reactor  
  115  9:41  Refinery  
  115  9:42  Marine x3  
  115  9:43  SCV x3, Marine  
  115  9:44  Marine  
  123  9:49  Missile Turret  
  123  9:55  SCV x3  
  123  9:56  Viking  
  128  10:00  Marine x2  
  128  10:03  Marine  
  128  10:05  Marine  
  128  10:06  Marine x2  
  134  10:07  SCV, Marine, Sensor Tower  
  134  10:11  Marine  
  139  10:15  Siege Tank  
  139  10:18  Marine  
  141  10:22  Supply Depot  
  141  10:27  Supply Depot  
  141  10:43  Siege Tank, Marine x4, Command Center  
  141  10:47  Marine  
  141  10:48  Viking x2, Marine  
  141  10:49  Siege Tank  
  157  10:50  Marine  
  157  10:51  Marine  
  157  10:56  Marine  
  157  11:00  Supply Depot  
  157  11:01  Supply Depot  
  157  11:07  Marine  
  157  11:12  Terran Infantry Weapons Level 3  
  157  11:17  Marine x2  
  155  11:21  SCV  
  155  11:22  SCV  
  155  11:24  Marine x2  
  156  11:28  Marine x2  
  156  11:32  Siege Tank, Marine x2  
  147  11:35  Marine x2  
  147  11:36  Siege Tank  
  147  11:38  Marine x2  
  154  11:41  Terran Infantry Armor Level 3  
  154  11:48  Marine x3  
  154  11:49  Medivac x2  
  154  11:52  Marine x2  
  161  11:57  Marine x3  
  152  12:02  SCV x2  
  152  12:04  SCV, Marine  
  152  12:05  Marine  
  152  12:07  Marine x2  
  151  12:09  Marine  
  151  12:12  Marine x2  
  151  12:14  SCV x2  
  155  12:16  SCV  
  155  12:21  Marine x2  
  133  12:23  Marine  
  133  12:24  Marine x2  
  133  12:25  Marine x2  
  133  12:26  Marine  
  127  12:32  Siege Tank, Marine  
  127  12:33  Marine  
  122  12:38  Siege Tank, Marine x2  
  122  12:39  Medivac  
  122  12:41  Marine x2  
  122  12:42  Marine x3  
  125  12:44  Planetary Fortress  
  125  12:45  Marine  
  125  12:50  Marine x2  
  128  12:56  Marine x2  
  130  12:59  Marine  
  130  13:01  Marine x4  
  130  13:02  Medivac  
  130  13:03  Marine  
  138  13:08  Marine x2  
  140  13:14  Siege Tank x2, Marine x2  
  146  13:20  Marine  
  146  13:21  Marine x2  
  146  13:22  Marine  
  146  13:23  Sensor Tower  
  146  13:24  Marine  
  146  13:26  Liberator  
  151  13:29  Liberator  
  151  13:30  Marine x2  
  149  13:34  Marine x2  
  149  13:35  Marine  
  149  13:37  Marine  
  149  13:39  Marine x2  
  149  13:40  Marine  
  153  13:42  Marine  
  153  13:46  Siege Tank  
  153  13:48  Marine  
  164  13:49  Marine  
  164  13:52  Marine x3  
  168  13:55  Marine  
  168  13:56  Marine  
  168  13:57  Marine  
  168  13:58  Marine  
  168  14:02  Siege Tank  
  173  14:03  Marine  
  173  14:06  Marine  
  173  14:07  Marine  
  173  14:09  Marine  
  173  14:10  Marine  
  173  14:14  Marine x2  
  177  14:20  Supply Depot x2  
  177  14:23  Marine x2  
  177  14:24  Marine  
  180  14:26  Viking  
  180  14:28  Liberator  
  180  14:30  Marine x2  
  163  14:31  Siege Tank  
  163  14:35  Marine x4  
  167  14:39  Liberator  
  167  14:41  Marine  
  167  14:42  Marine  
  167  14:44  Marine x2  
  167  14:45  Siege Tank  
  144  14:47  Marine  
  144  14:48  Marine  
  146  14:53  Marine x2  
  146  14:56  Marine x2  
  146  14:59  Marine x2  
  149  15:02  Marine x2  
  149  15:05  Marine x2  
  151  15:11  Liberator, Siege Tank  
  150  15:14  Marine x2  
  150  15:20  Marine x2  
  150  15:23  Marine  
  150  15:26  Marine  
  150  15:27  Marine  
  137  15:29  Marine  
  137  15:30  Marine x2  
  135  15:35  Marine  
  135  15:36  Marine  
  135  15:38  Marine x2  
  135  15:41  Marine  
  116  15:44  Marine x2  
  116  15:47  Marine  
  116  15:48  Marine x2  
  121  15:53  Marine x2  
  121  15:56  Marine x2  
  120  15:58  Marine  
  120  16:02  Marine x2  
  123  16:05  Marine  
  123  16:06  Marine x2  
  123  16:11  Marine x2  
  106  16:14  Marine x2  
  106  16:16  Marine  
  100  16:20  Marine x2  
  100  16:23  Marine  
  100  16:27  Orbital Command  
  100  16:28  Medivac x2  
  100  16:29  Marine  
  100  16:32  Marine  
  106  16:35  Marine  
  106  16:38  Marine x2  
  109  16:41  Marine  
  109  16:42  Marine  
  109  16:45  Marine  
  112  16:52  Marine  
  112  16:53  Marine  
  112  16:54  Marine  
  113  16:55  Marine  
  113  16:58  Marine  
  113  16:59  Marine  
  113  17:00  Marine  
  113  17:04  Marine x2  
  113  17:10  Marine  
  113  17:11  Marine  
  113  17:12  Marine  
  118  17:18  Marine  
  118  17:20  Marine  
Tags
 
Add a new tag
Caveats
  • Supply blocks, unpowered buildings, or Contaminate may cause inaccurate times.
  • Supply counts are checked every 10 seconds.